 Dungeon Crawl Stone Soup version 0.24.0-123-gd5b16e6ec5 (webtiles) character file.

Game seed: 11722392685293562096, levelgen mode: deterministic

55 FishyPogo the Skirmisher (level 3, -5/29 HPs)
             Began as a Demonspawn Chaos Knight on Feb 10, 2020.
             Was a Plaything of Xom.
             Slain by an ogre
             ... wielding a +0 giant club
              (8 damage)
             ... on level 2 of the Dungeon.
             The game lasted 00:03:26 (1207 turns).

FishyPogo the Skirmisher (Demonspawn Chaos Knight)  Turns: 1207, Time: 00:03:27

Health: -5/29      AC:  7    Str: 13    XL:     3   Next: 67%
Magic:  3/3        EV: 11    Int: 13    God:    Xom [.....*]
Gold:   101        SH:  0    Dex: 14    Spells: 2/2 levels left

rFire    . . .     SeeInvis .   a - +0 short sword (chaos)
rCold    . . .     Gourm    .   (no shield)
rNeg     . . .     Faith    .   b - +2 leather armour
rPois    .         Spirit   .   (no helmet)
rElec    .         Reflect  .   n - +0 cloak
rCorr    .         Harm     .   l - +0 pair of gloves
MR       .....                  (no boots)
Stlth    ++........             (no amulet)
HPRegen  0.09/turn              (no ring)
MPRegen  0.08/turn              (no ring)

@: no status effects
A: thin skeletal structure 1
a: Renounce Religion


You were on level 2 of the Dungeon.
You worshipped Xom.
You were Xom's teddy bear.
You were not hungry.

You visited 1 branch of the dungeon, and saw 2 of its levels.

You collected 101 gold pieces.

Inventory:

Hand Weapons
 a - a +0 short sword of chaos (weapon)
Missiles
 e - 52 stones (quivered)
Armour
 b - a +2 leather armour (worn)
 l - a +0 pair of gloves (worn)
 n - a +0 cloak (worn)
Scrolls
 f - a scroll of magic mapping {unknown}
 h - a scroll of blinking {unknown}
 i - a scroll of fear {unknown}
 m - 2 scrolls of identify {unknown}
 p - a scroll of random uselessness {unknown}
 q - a scroll of noise {unknown}
Potions
 g - a potion of invisibility {unknown}
 j - a potion of degeneration {unknown}
 k - a potion of haste {unknown}
 o - a potion of ambrosia {unknown}
Comestibles
 c - 2 rations
 d - 4 chunks of flesh


   Skills:
 + Level 3.6 Fighting
 + Level 3.3 Short Blades
 + Level 2.1 Armour
 + Level 1.4 Dodging
 + Level 0.2 Stealth


You had 2 spell levels left.
You didn't know any spells.
Your spell library was empty.

Dungeon Overview and Level Annotations

Branches:
Dungeon (2/15)

Altars:


Innate Abilities, Weirdness & Mutations

You have a somewhat thin skeletal structure. (Dex +2, Stealth)


Message History

You hit the jackal but do no damage. You drain the jackal.
The jackal is severely wounded.
The jackal bites you but does no damage.
A quokka comes into view.
The jackal barely misses you.
You hit the jackal. You burn the jackal.
You kill the jackal!
You hit the ogre.
The ogre is lightly wounded.
The ogre hits you with a +0 giant club!
* * * LOW HITPOINT WARNING * * *
The rat twitches its whiskers.
You completely miss the ogre.
The ogre is lightly wounded.
Xom smirks.
You detect items!
You are now Xom's teddy bear.
The ogre hits you with a +0 giant club!
You die...
Xom titters!

#......, , , , ** * *
#.>.^.., ,,,,,+,,,,
....... ∆,,,,* * ***
.......**** ,,∆, ,, ,
......h####** ***** *
..........# ,
..........# *
.........w#### *,
#........rO@.# *,
..........##.# *
..........##.# *
..........##.# *
..........##r# #.#.#
..........##.# #.#.#
..........##.# #.#.#
.........##.# #.#.# ∆
........##.########.#.#


You could see an ogre, a dart slug, a quokka, a jackal (wandering) and a rat.

Vanquished Creatures
  A gnoll (D:1)
  3 ball pythons (D:1)
  3 goblins (D:1)
  3 hobgoblins (D:1)
  11 jackals
  2 kobolds (D:1)
  6 bats
  6 frilled lizards
  9 rats (D:1)
44 creatures vanquished.

Vanquished Creatures (others)
  7 toadstools (D:2)
7 creatures vanquished.

Grand Total: 51 creatures vanquished

Notes
Turn   | Place    | Note
-------+----------+-------------------------------------------
     0 | D:1      | FishyPogo the Demonspawn Chaos Knight began the quest for
                  | the Orb.
     0 | D:1      | Reached XP level 1. HP: 18/18 MP: 1/1
   137 | D:1      | XOM: smoke on damage
   152 | D:2      | Gained mutation: You have a somewhat thin skeletal
                  | structure. (Dex +2, Stealth) [demonic ancestry]
   152 | D:2      | Reached XP level 2. HP: 13/24 MP: 2/2
   162 | D:2      | Noticed a wight
   166 | D:2      | Reached skill level 1 in Dodging
   169 | D:2      | XOM: potion effect (curing)
   176 | D:1      | XOM: harmless Ice miscast
   387 | D:1      | Reached XP level 3. HP: 26/29 MP: 3/3
   395 | D:1      | XOM: smoke on damage
   449 | D:1      | XOM: divination: detect items
   784 | D:1      | XOM: divination: detect items
  1197 | D:2      | Noticed an ogre
  1198 | D:2      | XOM: divination: magic mapping
  1202 | D:2      | XOM: divination: magic mapping
  1207 | D:2      | XOM: divination: detect items
  1207 | D:2      | Slain by an ogre

Levels and vault maps discovered:
D:1:      dpeg_arrival_ratfight, layout_basic, minmay_tromino_i2
D:2:      cheibrodos_fertilizer, layout_basic, minmay_lizard_pond, uniq_natasha

Skill      XL: |  1  2 |
---------------+-------+-----
Short Blades   | 3 |  3.3
Dodging        | 1 |  1.4
Armour         | 2 |  2.1
Fighting       | |  3.6
Stealth        | |  0.2

Action                   || total
-------------------------++-------
Melee: Short sword       ||   172
 Stab: Petrifying        ||     1
       Sleeping          ||     1
  Eat: Chunk             ||     1
Armor: Leather armour    ||    87
Dodge: Dodged            ||   143
